 Dungeon Crawl Stone Soup version 0.26.1-11-gd32895ea62 (webtiles) character file.

Game seed: 15157494595665764168

91 phalm the Conjurer (level 4, -3/33 HPs)
             Began as a Demonspawn Conjurer on June 23, 2021.
             Slain by a gnoll
             ... wielding a +0 spear
              (9 damage)
             ... on level 2 of the Dungeon.
             The game lasted 00:03:00 (1428 turns).

phalm the Conjurer (Demonspawn Conjurer)            Turns: 1428, Time: 00:03:01

Health: -3/33      AC:  3    Str:  8    XL:     4   Next: 33%
Magic:  1/8        EV: 12    Int: 20    God:
Gold:   38         SH:  0    Dex: 11    Spells: 5/8 levels left

rFire    . . .     SeeInvis .   m - +0 trident
rCold    . . .     Faith    .   (no shield)
rNeg     . . .     Spirit   .   a - +0 robe
rPois    .         Reflect  .   (no helmet)
rElec    .         Harm     .   (no cloak)
rCorr    .         Rampage  .   (no gloves)
Will     .....                  (no boots)
Stlth    ++........             (no amulet)
HPRegen  0.11/turn              (no ring)
MPRegen  0.11/turn              (no ring)

@: flying
A: hooves 1, rugged brown scales 1, powered by death 1
a: no special abilities


You were on level 2 of the Dungeon.
You visited 1 branch of the dungeon, and saw 2 of its levels.

You collected 38 gold pieces.


Innate Abilities, Weirdness & Mutations

You have large cloven feet.
You are partially covered in rugged brown scales. (AC +1, +3% HP)
You regenerate a little health from kills.


   Skills:
 + Level 1.7 Fighting
 - Level 1.7 Dodging
 - Level 1.7 Stealth
 + Level 2.7 Spellcasting
 * Level 5.0 Conjurations


You had 5 spell levels left.
You knew the following spells:

 Your Spells              Type           Power        Failure   Level
m - Magic Dart            Conj           88%          1%          1
s - Searing Ray           Conj           44%          2%          2

Your spell library contained the following spells:

 Spells                   Type           Power        Failure   Level
 Dazzling Flash           Conj/Hex       24%          16%         3
 Fulminant Prism          Conj/Hex       6%           45%         4
 Iskenderun's Mystic Bla  Conj/Tloc      12%          45%         4

Inventory:

Hand Weapons
 j - a +0 spear
   (You took it off a gnoll on level 2 of the Dungeon)
 m - a +0 trident (weapon)
   (You found it on level 2 of the Dungeon)
Missiles
 b - 14 stones
 c - 9 poisoned darts (quivered)
 h - 34 sling bullets
Armour
 a - a +0 robe (worn)
Scrolls
 e - 7 scrolls of identify {unknown}
 f - a scroll of teleportation {unknown}
 g - 2 scrolls of amnesia {unknown}
 i - a scroll of remove curse {unknown}
 l - a scroll of fear {unknown}

Dungeon Overview and Level Annotations

Branches:
Dungeon (2/15)

Altars:
Xom

#......##...####
#######....#.#......##
..#................##
#..................##
...........#......#
.................## #
#.......##........
#.....#.####.......##..<.....
............@................
#.....####.###g(..###........
#..... #......### ####.##..
......# ##.....# #..#..
#......####)(..## ####....
.........#†..#.#######.....##
.w)...g....#.#.........##....
.......##....#...########....
###..## ##...†....#######....


You could see a gnoll (fast).


Message History

Casting: Magic Dart (safe; 1% risk of failure)
Confirm with . or Enter, or press ? or * to list all spells.
Aiming: Magic Dart (safe; 1% risk of failure)
Press: ? - help, Shift-Dir - straight line, f/p - gnoll
Aim: a gnoll, wielding a -2 spear (almost dead, 0% to evade)
The magic dart hits the giant cockroach.
You kill the giant cockroach!
The gnoll completely misses you. 😕 HP[+1] MP[-1]
Casting: Magic Dart (safe; 1% risk of failure)
Confirm with . or Enter, or press ? or * to list all spells.
You don't have enough magic to cast that spell.
You reach to attack!
You barely miss the gnoll. The gnoll misses you.
You reach to attack!
You hit the gnoll.
You kill the gnoll!
The gnoll drinks a potion.
The gnoll seems to speed up. 😕 HP[+2] MP[+1]
You now have 33 max hp (+1).
You regained 2 hp, and now have 28/33 hp.
Casting: Magic Dart (safe; 1% risk of failure)
Confirm with . or Enter, or press ? or * to list all spells.
Aiming: Magic Dart (safe; 1% risk of failure)
Press: ? - help, Shift-Dir - straight line, f - gnoll
Aim: a gnoll, wielding a +0 spear (fast, 0% to evade)
The magic dart hits the gnoll.
The gnoll hits you from afar with a +0 spear. 😕 MP[-1]
You lost 1 mp, and now have 0/8 mp.
You reach to attack!
You hit the gnoll.
The gnoll hits you from afar with a +0 spear!
The gnoll hits you from afar with a +0 spear. 😮 HP[-10]
You take 10 damage, and now have 18/33 hp.
MASSIVE DAMAGE!! (PAUSE)
You are too injured to fight recklessly!
Throw: 11 darts (poison)
Press: ? - help, Q - select action, (/) - cycle Shift-Dir - straight line, f/p - gnoll
Aim: a gnoll, wielding a +0 spear (moderately wounded, fast, 58% to hit)
You throw a poisoned dart. The poisoned dart hits the gnoll.
The gnoll is poisoned.
The gnoll barely misses you. 😮 HP[+1] Reach: m) +0 trident
Press: ? - help, Dir - move target, f/p - gnoll
Aim: a gnoll, wielding a +0 spear (moderately wounded, fast, poisoned)
You reach to attack!
You barely miss the gnoll. The gnoll closely misses you.
The gnoll hits you from afar with a +0 spear!
* * * LOW HITPOINT WARNING * * *
😱 HP[-11]
You take 11 damage, and now have 8/33 hp.
MASSIVE DAMAGE!! (PAUSE)
The gnoll hits you from afar with a +0 spear!
* * * LOW HITPOINT WARNING * * *
😱 HP[-7]
You take 7 damage, and now have 1/33 hp.
MASSIVE DAMAGE!! (PAUSE)
Okay, then.
It was a potion of flight.
You feel very buoyant.
You fly up into the air.
It was a potion of heal wounds.
You feel much better. 😕 HP[+25] MP[+1]
You regained 25 hp, and now have 26/33 hp.
You aren't carrying any potions.
The gnoll hits you from afar with a +0 spear. 😮 HP[-4]
You take 4 damage, and now have 22/33 hp.
You aren't carrying any potions.
The gnoll hits you from afar with a +0 spear. 😮 HP[-2]
You take 2 damage, and now have 20/33 hp.
You aren't carrying any potions.
Reach: m) +0 trident
Press: ? - help, Dir - move target, f/p - gnoll
Aim: a gnoll, wielding a +0 spear (heavily wounded, fast, poisoned)
You reach to attack!
You hit the gnoll.
The gnoll looks more healthy.
The gnoll barely misses you.
The gnoll hits you from afar with a +0 spear!
* * * LOW HITPOINT WARNING * * *
😨 HP[-9]
You take 9 damage, and now have 11/33 hp.
MASSIVE DAMAGE!! (PAUSE) Throw: 10 darts (poison)
Press: ? - help, Q - select action, (/) - cycle Shift-Dir - straight line, f/p - gnoll
Aim: a gnoll, wielding a +0 spear (severely wounded, fast, 58% to hit)
You throw a poisoned dart.
The poisoned dart closely misses the gnoll.
The gnoll hits you from afar with a +0 spear.
* * * LOW HITPOINT WARNING * * *
The gnoll hits you from afar with a +0 spear.
* * * LOW HITPOINT WARNING * * *
😱 HP[-5]
You take 5 damage, and now have 6/33 hp.
Reach: m) +0 trident
Press: ? - help, Dir - move target, f/p - gnoll
Aim: a gnoll, wielding a +0 spear (severely wounded, fast)
You reach to attack!
You closely miss the gnoll.
The gnoll hits you from afar with a +0 spear!
You die...

Skill      XL: |  1  2  3  4 |
---------------+-------------+-----
Fighting       | 1 |  1.7
Conjurations   | 5 |  5.0
Dodging        | |  1.7
Stealth        | |  1.7
Spellcasting   | |  2.7

Action                   |  1- 3 |  4- 6 || total
-------------------------+-------+-------++-------
Melee: Unarmed           |     6 |       ||     6
       Kick              |     2 |       ||     2
       Spear             |     4 |       ||     4
       Trident           |       |     8 ||     8
Throw: Dart              |       |     2 ||     2
 Cast: Magic Dart        |    73 |    10 ||    83
       Searing Ray       |     2 |       ||     2
  Use: Potion            |       |     2 ||     2
Armor: Robe              |     3 |       ||     3
Dodge: Dodged            |    18 |     7 ||    25

Levels and vault maps discovered:
D:1:      heliophobic_arrival_henge, layout_rooms
D:2:      layout_rooms, xom_teletrap_fun, marbit_many_paths

Notes
Turn   | Place    | Note
-------+----------+-------------------------------------------
     0 | D:1      | phalm the Demonspawn Conjurer began the quest for the Orb.
     0 | D:1      | Reached XP level 1. HP: 13/13 MP: 3/3
     0 | D:1      | magus.rc [v1.9.10]
   178 | D:1      | Gained mutation: You have large cloven feet. [demonic
                  | ancestry]
   178 | D:1      | Reached XP level 2. HP: 20/20 MP: 1/5
   181 | D:1      | Learned a level 2 spell: Searing Ray
   431 | D:1      | Reached skill level 1 in Fighting
   540 | D:1      | Gained mutation: You regenerate a little health from kills.
                  | [demonic ancestry]
   540 | D:1      | Reached XP level 3. HP: 26/26 MP: 0/6
  1187 | D:2      | Found a shimmering altar of Xom.
  1284 | D:2      | Gained mutation: You are partially covered in rugged brown
                  | scales. (AC +1, +3% HP) [demonic ancestry]
  1284 | D:2      | Reached XP level 4. HP: 25/32 MP: 0/7
  1400 | D:2      | Reached skill level 5 in Conjurations
  1419 | D:2      | HP: 8/33 [gnoll/+0 spear (11)]
  1420 | D:2      | HP: 1/33 [gnoll/+0 spear (7)]
  1427 | D:2      | HP: 8/33 [gnoll/+0 spear (3)]
  1428 | D:2      | Slain by a gnoll

Vanquished Creatures
  3 gnolls (D:2)
  An ooze (D:1)
  2 worms (D:2)
  2 dart slugs (D:1)
  3 leopard geckos
  2 giant cockroaches (D:2)
  4 hobgoblins (D:1)
  4 jackals (D:2)
  4 kobolds
  A ball python (D:1)
  4 bats
  3 frilled lizards
  5 goblins
  8 rats
46 creatures vanquished.

Table legend:
 A = Non-vault XP
 B = Vault XP
 C = Vault XP percentage of total XP
 D = Non-vault monster count
 E = Vault monster count
 F = Vault count percentage of total count
                 A         B        C        D         E       F
            +---------+---------+-------+---------+---------+-------
      Total |     130 |       0 |   0.0 |      46 |       0 |   0.0
            +---------+---------+-------+---------+---------+-------
        D:1 |      56 |       0 |   0.0 |      29 |       0 |   0.0
        D:2 |      74 |       0 |   0.0 |      17 |       0 |   0.0
            +---------+---------+-------+---------+---------+-------

Illustrated notes

Table legend:
 A = Kills in this place as a percentage of kills in entire the game.
 B = Kills by you in this place as a percentage of kills by you in the entire game.
 C = Kills by friends in this place as a percentage of kills by friends in the entire game.
 D = Other kills in this place as a percentage of other kills in the entire game.
 E = Experience gained in this place as a percentage of experience gained in the entire game.
 F = Experience gained in this place divided by the number of levels of this place that you have seen.
                   A       B       C       D       E      F
               +-------+-------+-------+-------+-------+----------------------
         Total | 100.0 | 100.0 |   N/A |   N/A | 100.0 |  65.0
       Dungeon | 100.0 | 100.0 |   N/A |   N/A | 100.0 |  65.0
               +-------+-------+-------+-------+-------+----------------------

Table legend: (Time is in decaauts)
 A = Elapsed time spent in this place.
 B = Non-inter-level travel time spent in this place.
 C = Inter-level travel time spent in this place.
 D = Time resting spent in this place.
 E = Time spent auto-exploring this place.
 F = Levels seen in this place.
 G = Mean time per level.
                   A        B        C        D        E       F      G
               +--------+--------+--------+--------+--------+-----+--------+
         Total |   1430 |   1409 |     21 |      5 |   1165 |   2 |  715.0 |
       Dungeon |   1430 |   1409 |     21 |      5 |   1165 |   2 |  715.0 |
               +--------+--------+--------+--------+--------+-----+--------+

Top non-repeatable levels by time:
     D:1: 1006 daAuts
     D:2: 423 daAuts
